Unix NetHack Version 5.0.0-0 post-release - last build May 17 2026 04:57:42 (dc50c8380fa5e20985bfe3072449f57b8d9895ef,branch:main).

Game began 2026-05-17 21:32:00, ended 2026-05-17 21:51:45.

DoomChicken, chaotic female elven Priestess

                                     *G..
                                    -.@...
                                    ...d<.
                                    ..h...
                                      .--

DoomChicken the Acolyte      St:13 Dx:13 Co:14 In:8 Wi:19 Ch:8  Chaotic
Dlvl:3  $:280 HP:0(20) Pw:37(37) AC:7  Xp:3 T:1783 

Latest messages:
 You swap places with your little dog.
 You stop.  Your little dog is in the way!
 You are beginning to feel hungry.
 You hear the chime of a cash register.
 You swap places with your little dog.
 You stop.  Your little dog is in the way!
 You hear the chime of a cash register.
 What do you want to read? [h or ?*] <space>
 Never mind.
 What do you want to eat? [efqr or ?*] ?
 This food really hits the spot!
 You finish eating the food ration.
 You swap places with your little dog.
 The jackal bites!
 You kill the jackal!
 You see here 9 rocks.
 B - 9 rocks.
 You miss the newt.
 You kill the newt!
 You descend the stairs.
 The little dog bites the gnome lord.
 The dwarf thrusts his broad short sword.
 The dwarf misses!
 The gnome lord hits!
 You see here a slime mold.
 The little dog bites the gnome lord.
 The gnome lord hits!
 You hit the gnome lord.
 The little dog misses the gnome lord.
 The gnome lord hits!
 You kill the gnome lord!
 Your little dog eats a gnome lord corpse.
 The gnome lord hits!
 You hit the gnome lord!
 You hear rumbling in the distance.
 The dwarf thrusts his broad short sword.
 The dwarf hits!
 The dwarf picks up a slime mold.
 You hit the gnome lord!
 The gnome lord hits!
 You stop.  Your little dog is in the way!
 The gnome lord hits!
 The dwarf throws a stout spear!
 You are hit by a stout spear!
 You die...
 Do you want your possessions identified? [ynq] (y) y
 Do you want to see your attributes? [ynq] (y) y
 Do you want an account of creatures vanquished? [ynaq] (y) y
 Do you want to see your conduct and achievements? [ynq] (y) y
 Do you want to see the dungeon overview? [ynq] (y) y

Inventory:
 Coins    ('$')
  $ - 280 gold pieces
 Weapons  (')')
  z - 3 +0 darts
  a - a blessed +1 mace (weapon in right hand)
 Armor    ('[')
  c - a +0 small shield (being worn)
  b - a +0 robe (being worn)
 Comestibles  ('%')
  e - a clove of garlic
  q - a food ration
  f - a sprig of wolfsbane
  r - a tripe ration
 Spellbooks  ('+')
  h - a spellbook of healing
 Potions  ('!')
  j - a potion of object detection
  d - 4 potions of holy water
 Wands    ('/')
  y - a wand of probing (0:5)
 Tools    ('(')
  p - a lock pick
 Gems/Stones  ('*')
  B - 9 rocks

DoomChicken the Priestess's attributes:

Background:
 You were an Acolyte, a level 3 elven Priestess.
 You were chaotic, on a mission for Set
 who was opposed by Mitra (lawful) and Crom (neutral).
 You were right-handed.
 You were in the Gnomish Mines, on level 3.
 You entered the dungeon 1783 turns ago.
 There was a new moon in effect when your adventure ended.
 You had 68 experience points, 12 more were needed to attain level 4.

Basics:
 You had 0 out of 20 hit points.
 You had all 37 energy points (spell power).
 Your armor class was 7.
 Your wallet contained 280 zorkmids.
 Autopickup was on for '?!/"$=+' plus thrown.

Final Characteristics:
 Your strength was 13 (limit:18).
 Your dexterity was 13 (limit:18).
 Your constitution was 14 (limit:16).
 Your intelligence was 8 (limit:20).
 Your wisdom was 19 (limit:20).
 Your charisma was 8 (limit:18).

Final Status:
 You weren't hungry.
 You were unencumbered.
 You were wielding a mace.
 You had basic skill with mace.

Final Attributes:
 You were devoutly aligned.
 You had infravision.
 You were guarded.
 Your spell casting was enhanced by wearing a robe.
 You are dead.

Miscellaneous:
 You didn't encounter any bones levels.
 Total elapsed playing time was 19 minutes and 45 seconds.

Major events:
 Turn
    1: DoomChicken the chaotic elven Priestess entered the dungeon
 1440: entered the Gnomish Mines
 1552: attained the rank of Acolyte (level 3)
 1783: killed by a dwarvish spear

Spells:
 Name                 Level Category     Fail Retention
 light                  1   clerical       0%  91%-100%
 healing                1   healing        0%  76%-100%
 cause fear             3   enchantment   65%  76%-100%

Skills:
 Fighting Skills
   bare handed combat [Unskilled]
 Weapon Skills
   club               [Unskilled]
   mace               [Basic]
   morning star       [Unskilled]
   flail              [Unskilled]
   hammer             [Unskilled]
   quarterstaff       [Unskilled]
   polearms           [Unskilled]
   spear              [Unskilled]
   trident            [Unskilled]
   lance              [Unskilled]
   bow                [Unskilled]
   sling              [Unskilled]
   crossbow           [Unskilled]
   dart               [Unskilled]
   shuriken           [Unskilled]
   boomerang          [Unskilled]
   unicorn horn       [Unskilled]
 Spellcasting Skills
   healing spells     [Unskilled]
   divination spells  [Unskilled]
   clerical spells    [Basic]

Voluntary challenges:
 Character rerolling was not enabled.
 You followed a strict vegan diet.
 You never genocided any monsters.
 You never polymorphed an object.
 You never changed form.
 You used no wishes.
Achievements:
 You entered a shop.
 You entered the Gnomish Mines.
 You attained the rank of Acolyte.

 The Dungeons of Doom: levels 1 to 3
    Level 1:
       Some fountains, many trees.
    Level 2:
       A general store, an altar, a fountain.
       Stairs down to The Gnomish Mines.
    Level 3:
 The Gnomish Mines:
    Level 3: <- You were here.
       Final resting place for
          you, killed by a dwarvish spear.


Vanquished creatures:
  6 wood nymphs
  a gnome leader
  a dwarf
  a gas spore
  a red mold
  a gnome
  3 jackals
  a fox
  3 kobolds
  2 sewer rats
  3 grid bugs
  2 lichens
  a kobold zombie
  2 newts
28 creatures vanquished.

No species were genocided or became extinct.

Game over:
                       ----------
                      /          \
                     /    REST    \
                    /      IN      \
                   /     PEACE      \
                  /                  \
                  |   DoomChicken    |
                  |      280 Au      |
                  |   killed by a    |
                  |  dwarvish spear  |
                  |                  |
                  |                  |
                  |       2026       |
                 *|     *  *  *      | *
        _________)/\\_//(\/(/\)/\//\/|_)_______

Goodbye DoomChicken the Priestess...

You died in The Gnomish Mines on dungeon level 3 with 634 points,
and 280 pieces of gold, after 1783 moves.
You were level 3 with a maximum of 20 hit points when you died.

